PAA
LAKE MINNETONKA LOVE BOATS @ CHESAPEAKE CONTINENTALS
05/27/2034
 
TOP OF THE 1ST
Lake Minnetonka Love Boats batting - Pitching for Chesapeake Continentals : RHP Tex Fountas
Pitching: RHP Tex Fountas
Batting: RHB Francisco Guerra 0-0: Ball
1-0: Ball
2-0: Ball
3-0: Foul Ball, location: 2F
3-1: Base on Balls
Batting: LHB Wilton Maynard 0-0: Called Strike
0-1: Ball
1-1: Called Strike
1-2: Ball
2-2: Ball
3-2: Base on Balls
Francisco Guerra to second
Batting: RHB Mario van Heijbeeck 0-0: Ball
1-0: Called Strike
1-1: Called Strike
1-2: Ball
2-2: Strikes out swinging
Batting: LHB Juan Ramírez 0-0: Ball
1-0: Ball
2-0: Called Strike
2-1: Ball
3-1: Foul Ball, location: 2F
3-2: SINGLE (Line Drive, 89M)
Francisco Guerra to third
Wilton Maynard to second
Francisco Guerra scores
Wilton Maynard to third
Batting: RHB Ed St. James 0-0: Called Strike
0-1: Called Strike
0-2: Grounds into double play, 4-6-3 (Groundball, 4)
Top of the 1st over - 1 run, 1 hit, 0 errors, 1 left on base; Lake Minnetonka 1 - Chesapeake 0
BOTTOM OF THE 1ST
Chesapeake Continentals batting - Pitching for Lake Minnetonka Love Boats : RHP Dennis Blanchard
Pitching: RHP Dennis Blanchard
Batting: RHB Phil Oostermeer 0-0: Ball
1-0: Ball
2-0: Ball
3-0: Foul Ball, location: 2F
3-1: Base on Balls
Batting: LHB Mathias Gudmestad 0-0: Ball
1-0: Grounds into double play, 4-6-3 (Groundball, 4)
Batting: RHB Santiago Valentín 0-0: Ball
1-0: Fly out, F6 (Popup, 6MS)
Bottom of the 1st over - 0 runs, 0 hits, 0 errors, 0 left on base; Lake Minnetonka 1 - Chesapeake 0
TOP OF THE 2ND
Lake Minnetonka Love Boats batting - Pitching for Chesapeake Continentals : RHP Tex Fountas
Batting: RHB Jeff Hunter 0-0: Ball
1-0: Ball
2-0: Ball
3-0: Called Strike
3-1: Foul Ball, location: 2F
3-2: Base on Balls
Batting: RHB Michael Sweeney 0-0: Ball
1-0: Ball
2-0: Ball
3-0: Base on Balls
Jeff Hunter to second
Batting: RHB Hatui Haunani 0-0: Ball
1-0: Ball
2-0: Ball
3-0: Called Strike
3-1: Called Strike
3-2: Grounds into double play, 5-4-3 (Groundball, 56)
Jeff Hunter to third
Batting: RHB Yoshii Saikawa 0-0: Called Strike
0-1: Ball
1-1: Called Strike
1-2: Foul Ball, location: 2F
1-2: Ball
2-2: Ball
3-2: Foul Ball, location: 2F
3-2: Foul Ball, location: 2F
3-2: Strikes out swinging
Top of the 2nd over - 0 runs, 0 hits, 0 errors, 1 left on base; Lake Minnetonka 1 - Chesapeake 0
BOTTOM OF THE 2ND
Chesapeake Continentals batting - Pitching for Lake Minnetonka Love Boats : RHP Dennis Blanchard
Batting: LHB Raphaël Duval 0-0: Called Strike
0-1: SINGLE (Line Drive, 9LS)
Batting: RHB Brian Moring 0-0: Grounds into double play, 4-6-3 (Groundball, 4)
Batting: RHB Carlos Stanford 0-0: Fly out, F4 (Popup, 4M)
Bottom of the 2nd over - 0 runs, 1 hit, 0 errors, 0 left on base; Lake Minnetonka 1 - Chesapeake 0
TOP OF THE 3RD
Lake Minnetonka Love Boats batting - Pitching for Chesapeake Continentals : RHP Tex Fountas
Batting: RHB Francisco Guerra 0-0: Ball
1-0: Called Strike
1-1: Foul Ball, location: 2F
1-2: Strikes out swinging
Batting: LHB Wilton Maynard 0-0: Called Strike
0-1: Ground out U3 (Groundball, 3)
Batting: RHB Mario van Heijbeeck 0-0: Swinging Strike
0-1: Foul Ball, location: 2F
0-2: Foul Ball, location: 2F
0-2: Ground out 6-3 (Groundball, 6)
Top of the 3rd over - 0 runs, 0 hits, 0 errors, 0 left on base; Lake Minnetonka 1 - Chesapeake 0
BOTTOM OF THE 3RD
Chesapeake Continentals batting - Pitching for Lake Minnetonka Love Boats : RHP Dennis Blanchard
Batting: RHB Nick Bechtel 0-0: Foul Ball, location: 2F
0-1: Called Strike
0-2: Ball
1-2: Foul Ball, location: 2F
1-2: Ball
2-2: Ball
3-2: Base on Balls
Batting: SHB Tomás Valdéz 0-0: Ball
1-0: Called Strike
1-1: Grounds into double play, 4-6-3 (Groundball, 4)
Batting: RHB Mark Sawyer 0-0: Ball
1-0: Called Strike
1-1: Foul Ball, location: 2F
1-2: Ball
2-2: Strikes out looking
Bottom of the 3rd over - 0 runs, 0 hits, 0 errors, 0 left on base; Lake Minnetonka 1 - Chesapeake 0
TOP OF THE 4TH
Lake Minnetonka Love Boats batting - Pitching for Chesapeake Continentals : RHP Tex Fountas
Batting: LHB Juan Ramírez 0-0: Swinging Strike
0-1: Ball
1-1: Ball
2-1: Ball
3-1: Base on Balls
Batting: RHB Ed St. James 0-0: Fly out, F4 (Line Drive, 4M)
Batting: RHB Jeff Hunter 0-0: Foul Ball, location: 2F
0-1: Ball
1-1: Foul Ball, location: 2F
1-2: Ball
2-2: Strikes out swinging
Batting: RHB Michael Sweeney 0-0: Ball
Juan Ramírez steals 2nd base
1-0: Called Strike
1-1: Ball
2-1: Called Strike
2-2: Foul Ball, location: 2F
2-2: Ball
Wild Pitch!
Juan Ramírez to third
3-2: Base on Balls
Batting: RHB Hatui Haunani 0-0: Foul Ball, location: 2F
0-1: Ball
1-1: Foul Ball, location: 2F
1-2: Strikes out swinging
Top of the 4th over - 0 runs, 0 hits, 0 errors, 2 left on base; Lake Minnetonka 1 - Chesapeake 0
BOTTOM OF THE 4TH
Chesapeake Continentals batting - Pitching for Lake Minnetonka Love Boats : RHP Dennis Blanchard
Batting: RHB Phil Oostermeer 0-0: Called Strike
0-1: Ball
1-1: Swinging Strike
1-2: Ball
2-2: Ball
3-2: Foul Ball, location: 2F
3-2: Base on Balls
Batting: LHB Mathias Gudmestad 0-0: Ball
1-0: Called Strike
1-1: Ball
2-1: Fly out, F9 (Line Drive, 9S)
Batting: RHB Santiago Valentín 0-0: Ball
Phil Oostermeer is caught stealing 2nd base
1-0: Ball
2-0: Foul Ball, location: 2F
2-1: Ball
3-1: Base on Balls
Batting: LHB Raphaël Duval 0-0: Ball
Santiago Valentín steals 2nd base
1-0: Foul Ball, location: 2F
1-1: Foul Ball, location: 2F
1-2: Ground out 4-3 (Groundball, 4)
Bottom of the 4th over - 0 runs, 0 hits, 0 errors, 1 left on base; Lake Minnetonka 1 - Chesapeake 0
TOP OF THE 5TH
Lake Minnetonka Love Boats batting - Pitching for Chesapeake Continentals : RHP Tex Fountas
Batting: RHB Yoshii Saikawa 0-0: Ball
1-0: Ground out 4-3 (Groundball, 4)
Batting: RHB Francisco Guerra 0-0: Ball
1-0: Ball
2-0: Ball
3-0: Called Strike
3-1: Reached on error, E5 (Groundball, 56)
Batting: LHB Wilton Maynard 0-0: Ball
1-0: Ball
Francisco Guerra steals 2nd base
2-0: Called Strike
2-1: Ball
3-1: Base on Balls
Batting: RHB Mario van Heijbeeck 0-0: Called Strike
Francisco Guerra steals 3rd base
0-1: Swinging Strike
0-2: Ball
1-2: Foul Ball, location: 2F
1-2: 3-RUN HOME RUN (Flyball, 7LD), Distance : 361 ft
Batting: LHB Juan Ramírez 0-0: Called Strike
0-1: Ball
1-1: Swinging Strike
1-2: Strikes out swinging
Batting: RHB Ed St. James 0-0: Ball
1-0: Ground out 4-3 (Groundball, 4D)
Top of the 5th over - 3 runs, 1 hit, 1 error, 0 left on base; Lake Minnetonka 4 - Chesapeake 0
BOTTOM OF THE 5TH
Chesapeake Continentals batting - Pitching for Lake Minnetonka Love Boats : RHP Dennis Blanchard
Batting: RHB Brian Moring 0-0: Ball
1-0: Ball
2-0: Ground out 6-3 (Groundball, 6)
Batting: RHB Carlos Stanford 0-0: Ball
1-0: Ball
2-0: Called Strike
2-1: Foul Ball, location: 2F
2-2: Ball
3-2: Base on Balls
Batting: RHB Nick Bechtel 0-0: Ball
1-0: Ball
2-0: Ball
3-0: Base on Balls
Carlos Stanford to second
Batting: SHB Tomás Valdéz 0-0: Foul Ball, location: 2F
0-1: Swinging Strike
0-2: Ball
1-2: Fly out, F3 (Line Drive, 3S)
Pitching: RHP Brad Long
Batting: RHB Mark Sawyer 0-0: Swinging Strike
0-1: Called Strike
0-2: Strikes out swinging
Bottom of the 5th over - 0 runs, 0 hits, 0 errors, 2 left on base; Lake Minnetonka 4 - Chesapeake 0
TOP OF THE 6TH
Lake Minnetonka Love Boats batting - Pitching for Chesapeake Continentals : RHP Tex Fountas
Pitching: LHP Nicolas Michel
Batting: RHB Jeff Hunter 0-0: Ball
1-0: Ball
2-0: Ground out 5-3 (Groundball, 56)
Batting: RHB Michael Sweeney 0-0: Called Strike
0-1: Ball
1-1: Ball
2-1: Ground out 6-3 (Groundball, 6)
Batting: RHB Hatui Haunani 0-0: Foul Ball, location: 2F
0-1: Ball
1-1: Ball
2-1: Foul Ball, location: 2F
2-2: SINGLE (Line Drive, 6D)
Batting: RHB Yoshii Saikawa 0-0: Ball
1-0: SINGLE (Line Drive, 89S)
Hatui Haunani to second
Batting: RHB Francisco Guerra 0-0: Swinging Strike
0-1: Ball
1-1: Ball
2-1: Ball
3-1: Base on Balls
Hatui Haunani to third
Yoshii Saikawa to second
Batting: LHB Wilton Maynard 0-0: Ball
1-0: SINGLE (Line Drive, 5L)
Hatui Haunani scores
Yoshii Saikawa to third
Francisco Guerra to second
Runner from 3rd tries for Home, SAFE, no throw
Batting: RHB Mario van Heijbeeck 0-0: Ball
1-0: Called Strike
1-1: Ball
2-1: Ball
3-1: Foul Ball, location: 2F
3-2: Base on Balls
Francisco Guerra to third
Wilton Maynard to second
Batting: LHB Juan Ramírez 0-0: Ball
1-0: SINGLE (Line Drive, 7LM)
Francisco Guerra scores
Wilton Maynard to third
Mario van Heijbeeck to second
Runner from 3rd tries for Home, SAFE, no throw
Batting: RHB Ed St. James 0-0: Ground out 3-1 (Groundball, 34)
Top of the 6th over - 4 runs, 4 hits, 0 errors, 2 left on base; Lake Minnetonka 8 - Chesapeake 0
BOTTOM OF THE 6TH
Chesapeake Continentals batting - Pitching for Lake Minnetonka Love Boats : RHP Brad Long
Batting: RHB Phil Oostermeer 0-0: Ball
1-0: Called Strike
1-1: Swinging Strike
1-2: Strikes out looking
Batting: LHB Mathias Gudmestad 0-0: Called Strike
0-1: Ball
1-1: Called Strike
1-2: Ball
2-2: Strikes out swinging
Batting: RHB Santiago Valentín 0-0: Called Strike
0-1: Called Strike
0-2: Fly out, F9 (Flyball, 9S)
Bottom of the 6th over - 0 runs, 0 hits, 0 errors, 0 left on base; Lake Minnetonka 8 - Chesapeake 0
TOP OF THE 7TH
Lake Minnetonka Love Boats batting - Pitching for Chesapeake Continentals : LHP Nicolas Michel
Batting: RHB Jeff Hunter 0-0: Ball
1-0: Ball
2-0: Called Strike
2-1: SINGLE (Groundball, 6MD)
Batting: RHB Michael Sweeney 0-0: Foul Ball, location: 2F
0-1: Called Strike
0-2: Ball
1-2: Fly out, F9 (Flyball, 9LS)
Batting: RHB Hatui Haunani 0-0: Ball
1-0: Foul Ball, location: 2F
1-1: Called Strike
1-2: Ball
2-2: Foul Ball, location: 2F
2-2: Strikes out swinging
Batting: RHB Yoshii Saikawa 0-0: Called Strike
0-1: Ball
1-1: Ground out 4-3 (Groundball, 4)
Top of the 7th over - 0 runs, 1 hit, 0 errors, 1 left on base; Lake Minnetonka 8 - Chesapeake 0
BOTTOM OF THE 7TH
Chesapeake Continentals batting - Pitching for Lake Minnetonka Love Boats : RHP Brad Long
Batting: LHB Raphaël Duval 0-0: Ball
1-0: Ball
2-0: Ball
3-0: Called Strike
3-1: Base on Balls
Batting: RHB Brian Moring 0-0: Foul Ball, location: 2F
0-1: Ball
1-1: DOUBLE (Line Drive, 8RD)
Raphaël Duval to third
Runner from 3rd tries for Home, SAFE, no throw
Batting: RHB Carlos Stanford 0-0: Foul Ball, location: 2F
0-1: Swinging Strike
0-2: Strikes out looking
Batting: RHB Nick Bechtel 0-0: Ball
1-0: Ball
2-0: Called Strike
2-1: Ball
3-1: SINGLE (Groundball, 56D)
Brian Moring to third
Runner from 3rd tries for Home, SAFE, no throw
Batting: SHB Tomás Valdéz 0-0: Ball
1-0: Ball
2-0: Called Strike
2-1: Fly out, F8 (Line Drive, 8RM)
Batting: RHB Mark Sawyer 0-0: Called Strike
0-1: Ball
1-1: Called Strike
1-2: Fly out, F9 (Flyball, 89D)
Bottom of the 7th over - 2 runs, 2 hits, 0 errors, 1 left on base; Lake Minnetonka 8 - Chesapeake 2
TOP OF THE 8TH
Lake Minnetonka Love Boats batting - Pitching for Chesapeake Continentals : LHP Nicolas Michel
Batting: RHB Francisco Guerra 0-0: Called Strike
0-1: Called Strike
0-2: SINGLE (Groundball, 34S) (infield hit)
Batting: LHB Wilton Maynard 0-0: Foul Ball, location: 2F
0-1: Fielders Choice at 2nd, 5-4 (Groundball, 5)
Batting: RHB Mario van Heijbeeck 0-0: Ball
1-0: Fielders Choice at 2nd, 5-4 (Groundball, 56)
Batting: LHB Juan Ramírez 0-0: Foul Ball, location: 2F
0-1: Ball
1-1: Called Strike
1-2: Strikes out looking
Top of the 8th over - 0 runs, 1 hit, 0 errors, 1 left on base; Lake Minnetonka 8 - Chesapeake 2
BOTTOM OF THE 8TH
Chesapeake Continentals batting - Pitching for Lake Minnetonka Love Boats : RHP Brad Long
Batting: RHB Phil Oostermeer 0-0: Ball
1-0: Called Strike
1-1: Ground out 3-1 (Groundball, 34S)
Batting: LHB Mathias Gudmestad 0-0: Ball
1-0: Swinging Strike
1-1: Called Strike
1-2: Foul Ball, location: 2F
1-2: Ball
2-2: Ball
3-2: Base on Balls
Pitching: RHP Pablo Gómez
Batting: RHB Santiago Valentín 0-0: Ball
1-0: Called Strike
1-1: Ball
2-1: SINGLE (Flyball, 7LS)
Mathias Gudmestad to second
Batting: LHB Raphaël Duval 0-0: Called Strike
0-1: 3-RUN HOME RUN (Flyball, 9D), Distance : 357 ft
Pitching: LHP Inaki Maira
Batting: RHB Brian Moring 0-0: Called Strike
0-1: Foul Ball, location: 2F
0-2: Strikes out swinging
Batting: RHB Carlos Stanford 0-0: Ground out 4-3 (Groundball, 4S)
Bottom of the 8th over - 3 runs, 2 hits, 0 errors, 0 left on base; Lake Minnetonka 8 - Chesapeake 5
TOP OF THE 9TH
Lake Minnetonka Love Boats batting - Pitching for Chesapeake Continentals : LHP Nicolas Michel
Pitching: LHP Morgan Beckwith
Batting: RHB Ed St. James 0-0: Ground out 6-3 (Groundball, 56)
Batting: RHB Jeff Hunter 0-0: SINGLE (Groundball, 6) (infield hit)
Batting: RHB Michael Sweeney 0-0: Foul Ball, location: 2F
0-1: Ball
1-1: Fly out, F9 (Flyball, 9)
Batting: RHB Hatui Haunani 0-0: Ball
1-0: Foul Ball, location: 2F
1-1: Ball
2-1: Foul Ball, location: 2F
2-2: DOUBLE (Line Drive, 8LD)
Jeff Hunter to third
Batting: RHB Yoshii Saikawa 0-0: Called Strike
0-1: Ground out 3-1 (Groundball, 34)
Top of the 9th over - 0 runs, 2 hits, 0 errors, 2 left on base; Lake Minnetonka 8 - Chesapeake 5
BOTTOM OF THE 9TH
Chesapeake Continentals batting - Pitching for Lake Minnetonka Love Boats : LHP Inaki Maira
Pitching: RHP Pancho Mastache
Batting: RHB Nick Bechtel 0-0: SINGLE (Line Drive, 4MD)
Batting: SHB Tomás Valdéz 0-0: Ball
1-0: Ball
2-0: Called Strike
2-1: Ball
3-1: Fly out, F9 (Flyball, 9LM)
Batting: RHB Mark Sawyer 0-0: Ball
1-0: Ball
2-0: Ball
3-0: Called Strike
3-1: Foul Ball, location: 2F
3-2: Fly out, F7 (Flyball, 7)
Batting: RHB Phil Oostermeer 0-0: Swinging Strike
0-1: Ball
1-1: Ball
2-1: Swinging Strike
2-2: Ball
3-2: 2-RUN HOME RUN (Flyball, 7LD), Distance : 382 ft
Batting: LHB Mathias Gudmestad 0-0: Ball
1-0: Called Strike
1-1: Foul Ball, location: 2F
1-2: SINGLE (Groundball, 56D)
Batting: RHB Santiago Valentín 0-0: Ball
1-0: Swinging Strike
1-1: Foul Ball, location: 2F
1-2: Reached on error, E6 (Groundball, 6D)
Mathias Gudmestad to second
Batting: LHB Raphaël Duval 0-0: Ball
1-0: Called Strike
1-1: Ball
2-1: Ball
3-1: Base on Balls
Mathias Gudmestad to third
Santiago Valentín to second
Batting: RHB Brian Moring 0-0: Foul Ball, location: 2F
0-1: Called Strike
0-2: Foul Ball, location: 2F
0-2: Ball
1-2: Foul Ball, location: 2F
1-2: Ball
2-2: Ball
Wild Pitch!
Mathias Gudmestad scores
Santiago Valentín to third
Raphaël Duval to second
3-2: Ground out 5-3 (Groundball, 56)
Bottom of the 9th over - 3 runs, 3 hits, 1 error, 2 left on base; Lake Minnetonka 8 - Chesapeake 8
TOP OF THE 10TH
Lake Minnetonka Love Boats batting - Pitching for Chesapeake Continentals : LHP Morgan Beckwith
Pitching: LHP Cedric Zuercher
Batting: RHB Francisco Guerra 0-0: Called Strike
0-1: Ball
1-1: Ball
2-1: Foul Ball, location: 2F
2-2: Foul Ball, location: 2F
2-2: Ball
3-2: Foul Ball, location: 2F
3-2: Strikes out swinging
Batting: LHB Wilton Maynard 0-0: Ball
1-0: Foul Ball, location: 2F
1-1: Foul Ball, location: 2F
1-2: Foul Ball, location: 2F
1-2: Strikes out looking
Batting: RHB Mario van Heijbeeck 0-0: Called Strike
0-1: Ball
1-1: Swinging Strike
1-2: Ball
2-2: Ball
3-2: Base on Balls
Batting: LHB Juan Ramírez 0-0: Called Strike
0-1: Ground out 4-3 (Groundball, 34)
Top of the 10th over - 0 runs, 0 hits, 0 errors, 1 left on base; Lake Minnetonka 8 - Chesapeake 8
BOTTOM OF THE 10TH
Chesapeake Continentals batting - Pitching for Lake Minnetonka Love Boats : RHP Pancho Mastache
Pitching: RHP Harry Stogsdill
Pinch Hitting: SHB Augusto Trejo 0-0: Ball
1-0: Ground out 4-3 (Groundball, 4)
Batting: RHB Nick Bechtel 0-0: Ground out 6-3 (Groundball, 6)
Batting: SHB Tomás Valdéz 0-0: Ball
1-0: Called Strike
1-1: Foul Ball, location: 2F
1-2: Strikes out swinging
Bottom of the 10th over - 0 runs, 0 hits, 0 errors, 0 left on base; Lake Minnetonka 8 - Chesapeake 8
TOP OF THE 11TH
Lake Minnetonka Love Boats batting - Pitching for Chesapeake Continentals : LHP Cedric Zuercher
Now at SS: Manuel Ángel
Batting: RHB Ed St. James 0-0: Foul Ball, location: 2F
0-1: Ball
1-1: Ball
2-1: Foul Ball, location: 2F
2-2: Strikes out swinging
Batting: RHB Jeff Hunter 0-0: Foul Ball, location: 2F
0-1: Swinging Strike
0-2: Strikes out swinging
Batting: RHB Michael Sweeney 0-0: Foul Ball, location: 2F
0-1: Called Strike
0-2: Ball
1-2: Foul Ball, location: 2F
1-2: Ball
2-2: Ball
3-2: Ground out 4-3 (Groundball, 4)
Top of the 11th over - 0 runs, 0 hits, 0 errors, 0 left on base; Lake Minnetonka 8 - Chesapeake 8
BOTTOM OF THE 11TH
Chesapeake Continentals batting - Pitching for Lake Minnetonka Love Boats : RHP Harry Stogsdill
Batting: RHB Mark Sawyer 0-0: Fly out, F9 (Flyball, 9LS)
Batting: RHB Phil Oostermeer 0-0: Ball
1-0: Ball
2-0: Ball
3-0: Foul Ball, location: 2F
3-1: Called Strike
3-2: Foul Ball, location: 2F
3-2: Strikes out swinging
Batting: LHB Mathias Gudmestad 0-0: Ball
1-0: Ball
2-0: Ball
3-0: Swinging Strike
3-1: Foul Ball, location: 2F
3-2: Ground out 4-3 (Groundball, 4)
Bottom of the 11th over - 0 runs, 0 hits, 0 errors, 0 left on base; Lake Minnetonka 8 - Chesapeake 8
TOP OF THE 12TH
Lake Minnetonka Love Boats batting - Pitching for Chesapeake Continentals : LHP Cedric Zuercher
Pitching: LHP Raúl Romero
Batting: RHB Hatui Haunani 0-0: Called Strike
0-1: Called Strike
0-2: Strikes out swinging
Pinch Hitting: RHB Guillermo Carrizales 0-0: Ball
1-0: Called Strike
1-1: Ground out 4-3 (Groundball, 4M)
Batting: RHB Francisco Guerra 0-0: Ball
1-0: Called Strike
1-1: Fly out, F9 (Line Drive, 89M)
Top of the 12th over - 0 runs, 0 hits, 0 errors, 0 left on base; Lake Minnetonka 8 - Chesapeake 8
BOTTOM OF THE 12TH
Chesapeake Continentals batting - Pitching for Lake Minnetonka Love Boats : RHP Harry Stogsdill
Now at 3B: Mike Bean
Batting: RHB Santiago Valentín 0-0: Reached on error, E5 (Groundball, 5)
Batting: LHB Raphaël Duval 0-0: Called Strike
0-1: Ball
1-1: Foul Ball, location: 2F
1-2: Ball
2-2: Ball
3-2: Fly out, F8 (Flyball, 78D)
Batting: RHB Brian Moring 0-0: Ball
1-0: Ball
2-0: Ground out U3 (Groundball, 34S)
Santiago Valentín to third
Batting: RHB Manuel Ángel 0-0: Ball
1-0: Foul Ball, location: 2F
1-1: Ball
2-1: Fly out, F8 (Flyball, 8RD)
Bottom of the 12th over - 0 runs, 0 hits, 1 error, 1 left on base; Lake Minnetonka 8 - Chesapeake 8
TOP OF THE 13TH
Lake Minnetonka Love Boats batting - Pitching for Chesapeake Continentals : LHP Raúl Romero
Batting: LHB Wilton Maynard 0-0: Called Strike
0-1: Foul Ball, location: 2F
0-2: Ball
1-2: Strikes out swinging
Batting: RHB Mario van Heijbeeck 0-0: Foul Ball, location: 2F
0-1: Foul Ball, location: 2F
0-2: TRIPLE (Flyball, 9D)
Batting: LHB Juan Ramírez 0-0: Ball
1-0: Foul Ball, location: 2F
1-1: Called Strike
1-2: Ball
Passed Ball!
Mario van Heijbeeck scores
2-2: Foul Ball, location: 2F
2-2: Ball
3-2: Foul Ball, location: 2F
3-2: Foul Ball, location: 2F
3-2: Strikes out swinging
Batting: RHB Ed St. James 0-0: Fly out, F5 (Popup, 56S)
Top of the 13th over - 1 run, 1 hit, 0 errors, 0 left on base; Lake Minnetonka 9 - Chesapeake 8
BOTTOM OF THE 13TH
Chesapeake Continentals batting - Pitching for Lake Minnetonka Love Boats : RHP Harry Stogsdill
Batting: RHB Nick Bechtel 0-0: Called Strike
0-1: Called Strike
0-2: Ball
1-2: Foul Ball, location: 2F
1-2: Ground out 6-3 (Groundball, 6M)
Batting: SHB Tomás Valdéz 0-0: Fly out, F8 (Flyball, 8RD)
Batting: RHB Mark Sawyer 0-0: Ball
1-0: Foul Ball, location: 2F
1-1: Called Strike
1-2: Ball
2-2: Ball
3-2: Strikes out swinging
Bottom of the 13th over - 0 runs, 0 hits, 0 errors, 0 left on base; Lake Minnetonka 9 - Chesapeake 8
Friday, March 29th, 2019 - OOTP Baseball 18.8 Build 76